SL
SAN MATEO DIRTY REDS @ KINGSTON TOWNSHIP KNIGHTS
05/21/2043
 
TOP OF THE 1ST
San Mateo Dirty Reds batting - Pitching for Kingston Township Knights : LHP Chase Sims
Pitching: LHP Chase Sims
Batting: RHB Yaakov Shmerkin 0-0: Ball
1-0: Ball
2-0: Fly out, F8 (Flyball, 8LS, EV 93.1 MPH)
Batting: RHB Kawenaula Alohalani 0-0: Swinging Strike
0-1: Swinging Strike
0-2: Strikes out swinging
Batting: RHB Dong-young Won 0-0: Ball
1-0: Called Strike
1-1: Called Strike
1-2: Ball
2-2: Strikes out swinging
Top of the 1st over - 0 runs, 0 hits, 0 errors, 0 left on base; San Mateo 0 - Kingston Township 0
BOTTOM OF THE 1ST
Kingston Township Knights batting - Pitching for San Mateo Dirty Reds : RHP Ratko Davidovic
Pitching: RHP Ratko Davidovic
Batting: LHB 聲ibal Lima 0-0: Ball
1-0: Called Strike
1-1: Foul Ball, location: 2F
1-2: SINGLE (Flyball, 8LS, EV 85.0 MPH)
Batting: SHB Marcos Rom嫕 0-0: Ball
1-0: Ball
聲ibal Lima steals 2nd base (no throw)
2-0: Called Strike
2-1: Foul Ball, location: 2F
2-2: Ground out 4-3 (Groundball, 4, EV 78.1 MPH)
聲ibal Lima to third
Batting: SHB Eustacio Tafalla 0-0: Ball
1-0: Ball
2-0: Swinging Strike
2-1: Foul Ball, location: 2F
2-2: Ball
3-2: Base on Balls
Batting: LHB Ed Mellor 0-0: Ball
1-0: Ball
2-0: Ball
3-0: Base on Balls
Eustacio Tafalla to second
Batting: RHB Amor Campos 0-0: Called Strike
0-1: Ball
1-1: Foul Ball, location: 2F
1-2: Strikes out swinging
Batting: LHB Juan Romero 0-0: Swinging Strike
0-1: Called Strike
0-2: Fly out, F9 (Flyball, 89D, EV 103.1 MPH)
Bottom of the 1st over - 0 runs, 1 hit, 0 errors, 3 left on base; San Mateo 0 - Kingston Township 0
TOP OF THE 2ND
San Mateo Dirty Reds batting - Pitching for Kingston Township Knights : LHP Chase Sims
Batting: RHB Jason Slaybaugh 0-0: Called Strike
0-1: Ball
1-1: Ball
2-1: Swinging Strike
2-2: SOLO HOME RUN (Line Drive, 9LD, EV 103.1 MPH), Distance : 357 ft
Batting: RHB Anson Darrah 0-0: Ball
1-0: Ball
2-0: Ball
3-0: Called Strike
3-1: Fly out, F8 (Flyball, 8RS, EV 88.8 MPH)
Batting: LHB Esteban Sifuentes 0-0: Ball
1-0: Ball
2-0: Called Strike
2-1: Swinging Strike
2-2: Strikes out looking
Batting: RHB Fortunato Rasquinha 0-0: Ball
1-0: Called Strike
1-1: Ball
2-1: Ball
3-1: SINGLE (Groundball, 6MD, EV 98.1 MPH)
Batting: LHB Quit廨io Ruah 0-0: Foul Ball, location: 2F
0-1: Called Strike
0-2: Ball
1-2: Foul Ball, location: 2F
1-2: DOUBLE (Line Drive, 9LS, EV 100.0 MPH)
Fortunato Rasquinha to third
Runner from 3rd tries for Home, SAFE, throw by RF to home
Batting: RHB Manuel Ramos 0-0: Fly out, F9 (Flyball, 9LS, EV 77.5 MPH)
Top of the 2nd over - 2 runs, 3 hits, 0 errors, 1 left on base; San Mateo 2 - Kingston Township 0
BOTTOM OF THE 2ND
Kingston Township Knights batting - Pitching for San Mateo Dirty Reds : RHP Ratko Davidovic
Batting: RHB Seong-ho Chong 0-0: Foul Ball, location: 2F
0-1: Swinging Strike
0-2: Ball
1-2: Foul Ball, location: 2F
1-2: Foul Ball, location: 2F
1-2: Strikes out swinging
Batting: RHB Glenn Curtis 0-0: Ball
1-0: Ball
2-0: Ground out 4-3 (Groundball, 4, EV 100.0 MPH)
Batting: RHB Kazunari Mizuno 0-0: Fly out, F7 (Flyball, 78M, EV 94.4 MPH)
Bottom of the 2nd over - 0 runs, 0 hits, 0 errors, 0 left on base; San Mateo 2 - Kingston Township 0
TOP OF THE 3RD
San Mateo Dirty Reds batting - Pitching for Kingston Township Knights : LHP Chase Sims
Batting: RHB Yaakov Shmerkin 0-0: Ball
1-0: Ball
2-0: Called Strike
2-1: Ball
3-1: SINGLE (Groundball, 6MD, EV 100.6 MPH)
Batting: RHB Kawenaula Alohalani 0-0: Fly out, F8 (Flyball, 8RD, EV 98.8 MPH)
Batting: RHB Dong-young Won 0-0: Ball
1-0: Foul Ball, location: 2F
1-1: Swinging Strike
1-2: Ball
2-2: Foul Ball, location: 2F
2-2: Foul Ball, location: 2F
2-2: Grounds into double play, 5-4-3 (Groundball, 5S, EV 81.9 MPH)
Top of the 3rd over - 0 runs, 1 hit, 0 errors, 0 left on base; San Mateo 2 - Kingston Township 0
BOTTOM OF THE 3RD
Kingston Township Knights batting - Pitching for San Mateo Dirty Reds : RHP Ratko Davidovic
Batting: LHB 聲ibal Lima 0-0: Ball
1-0: Fly out, F8 (Line Drive, 8RM, EV 90.6 MPH)
Batting: SHB Marcos Rom嫕 0-0: Ball
1-0: Ball
2-0: Ball
3-0: Called Strike
3-1: Swinging Strike
3-2: Ground out 2-3 (Groundball, 15S, EV 71.9 MPH)
Batting: SHB Eustacio Tafalla 0-0: Ball
1-0: Foul Ball, location: 2F
1-1: Swinging Strike
1-2: Fly out, F7 (Flyball, 7LMF, EV 88.1 MPH)
Bottom of the 3rd over - 0 runs, 0 hits, 0 errors, 0 left on base; San Mateo 2 - Kingston Township 0
TOP OF THE 4TH
San Mateo Dirty Reds batting - Pitching for Kingston Township Knights : LHP Chase Sims
Batting: RHB Jason Slaybaugh 0-0: Called Strike
0-1: Called Strike
0-2: Ball
1-2: Ball
2-2: Strikes out looking
Batting: RHB Anson Darrah 0-0: Ball
1-0: DOUBLE (Line Drive, 9LM, EV 100.0 MPH)
Batting: LHB Esteban Sifuentes 0-0: Ball
1-0: Called Strike
1-1: Foul Ball, location: 2F
1-2: Ball
2-2: Fly out, F8 (Flyball, 8LXD, EV 85.0 MPH)
Runner from 2nd tags up, SAFE at 3rd, no throw by CF
Batting: RHB Fortunato Rasquinha 0-0: Ball
1-0: Called Strike
1-1: Ball
2-1: Swinging Strike
2-2: Foul Ball, location: 2F
2-2: Foul Ball, location: 2F
2-2: Fly out, F8 (Flyball, 89M, EV 83.1 MPH)
Top of the 4th over - 0 runs, 1 hit, 0 errors, 1 left on base; San Mateo 2 - Kingston Township 0
BOTTOM OF THE 4TH
Kingston Township Knights batting - Pitching for San Mateo Dirty Reds : RHP Ratko Davidovic
Batting: LHB Ed Mellor 0-0: Ball
1-0: Ground out 5-3 (Groundball, 5L, EV 104.4 MPH)
Batting: RHB Amor Campos 0-0: Called Strike
0-1: Ball
1-1: Swinging Strike
1-2: Fly out, F7 (Flyball, 7S, EV 86.9 MPH)
Batting: LHB Juan Romero 0-0: Ball
1-0: Foul Ball, location: 2F
1-1: Ball
2-1: Ball
3-1: Base on Balls
Batting: RHB Seong-ho Chong 0-0: Ball
1-0: Foul Ball, location: 2F
1-1: Ball
2-1: Ball
3-1: Foul Ball, location: 2F
3-2: Strikes out swinging
Bottom of the 4th over - 0 runs, 0 hits, 0 errors, 1 left on base; San Mateo 2 - Kingston Township 0
TOP OF THE 5TH
San Mateo Dirty Reds batting - Pitching for Kingston Township Knights : LHP Chase Sims
Batting: LHB Quit廨io Ruah 0-0: Ground out 1-3 (Groundball, 34S, EV 91.2 MPH)
Batting: RHB Manuel Ramos 0-0: Ball
1-0: Foul Ball, location: 2F
1-1: Swinging Strike
1-2: Ball
2-2: Fly out, F9 (Flyball, 9, EV 93.8 MPH)
Batting: RHB Yaakov Shmerkin 0-0: SINGLE (Groundball, 56D, EV 98.1 MPH)
Batting: RHB Kawenaula Alohalani 0-0: Ball
1-0: Ball
2-0: Foul Ball, location: 2F
2-1: Ball
3-1: Ground out 4-3 (Groundball, 4, EV 83.8 MPH)
Top of the 5th over - 0 runs, 1 hit, 0 errors, 1 left on base; San Mateo 2 - Kingston Township 0
BOTTOM OF THE 5TH
Kingston Township Knights batting - Pitching for San Mateo Dirty Reds : RHP Ratko Davidovic
Batting: RHB Glenn Curtis 0-0: Fly out, F8 (Flyball, 78S, EV 87.5 MPH)
Batting: RHB Kazunari Mizuno 0-0: Ball
1-0: Ground out 6-3 (Groundball, 6, EV 105.0 MPH)
Batting: LHB 聲ibal Lima 0-0: SINGLE (Line Drive, 9S, EV 101.9 MPH)
Batting: SHB Marcos Rom嫕 0-0: Called Strike
0-1: Foul Ball, location: 2F
0-2: Ball
聲ibal Lima steals 2nd base
1-2: Foul Ball, location: 2F
1-2: Strikes out swinging
Bottom of the 5th over - 0 runs, 1 hit, 0 errors, 1 left on base; San Mateo 2 - Kingston Township 0
TOP OF THE 6TH
San Mateo Dirty Reds batting - Pitching for Kingston Township Knights : LHP Chase Sims
Batting: RHB Dong-young Won 0-0: Ball
1-0: Ground out 6-3 (Groundball, 6S, EV 90.0 MPH)
Batting: RHB Jason Slaybaugh 0-0: Ball
1-0: Swinging Strike
1-1: Ball
2-1: Foul Ball, location: 2F
2-2: Strikes out swinging
Batting: RHB Anson Darrah 0-0: Ball
1-0: Called Strike
1-1: Foul Ball, location: 2F
1-2: Foul Ball, location: 2F
1-2: Ball
2-2: Foul Ball, location: 2F
2-2: SINGLE (Groundball, 56D, EV 97.5 MPH)
Batting: LHB Esteban Sifuentes 0-0: Ball
1-0: Swinging Strike
1-1: Foul Ball, location: 2F
1-2: Foul Ball, location: 2F
1-2: Foul Ball, location: 2F
1-2: Strikes out swinging
Top of the 6th over - 0 runs, 1 hit, 0 errors, 1 left on base; San Mateo 2 - Kingston Township 0
BOTTOM OF THE 6TH
Kingston Township Knights batting - Pitching for San Mateo Dirty Reds : RHP Ratko Davidovic
Batting: SHB Eustacio Tafalla 0-0: Called Strike
0-1: DOUBLE (Flyball, 78D, EV 86.2 MPH)
Batting: LHB Ed Mellor 0-0: Ball
1-0: Called Strike
1-1: Foul Ball, location: 2F
1-2: Strikes out swinging
Batting: RHB Amor Campos 0-0: Called Strike
0-1: Ball
1-1: Ball
2-1: Ground out 6-3 (Groundball, 6, EV 92.5 MPH)
Batting: LHB Juan Romero 0-0: Ball
1-0: SINGLE (Flyball, 9LS, EV 85.0 MPH)
Eustacio Tafalla to third
Batting: RHB Seong-ho Chong 0-0: Called Strike
0-1: Fly out, F8 (Flyball, 8RM, EV 89.4 MPH)
Bottom of the 6th over - 0 runs, 2 hits, 0 errors, 2 left on base; San Mateo 2 - Kingston Township 0
TOP OF THE 7TH
San Mateo Dirty Reds batting - Pitching for Kingston Township Knights : LHP Chase Sims
Batting: RHB Fortunato Rasquinha 0-0: Ball
1-0: Foul Ball, location: 2F
1-1: Fly out, F9 (Flyball, 89S, EV 85.0 MPH)
Batting: LHB Quit廨io Ruah 0-0: Ball
1-0: Called Strike
1-1: Called Strike
1-2: Ball
2-2: Ball
3-2: Foul Ball, location: 2F
3-2: Foul Ball, location: 2F
3-2: Fly out, F8 (Flyball, 8RD, EV 102.5 MPH)
Batting: RHB Manuel Ramos 0-0: Called Strike
0-1: Ball
1-1: Called Strike
1-2: Strikes out swinging
Top of the 7th over - 0 runs, 0 hits, 0 errors, 0 left on base; San Mateo 2 - Kingston Township 0
BOTTOM OF THE 7TH
Kingston Township Knights batting - Pitching for San Mateo Dirty Reds : RHP Ratko Davidovic
Batting: RHB Glenn Curtis 0-0: Foul Ball, location: 2F
0-1: Foul Ball, location: 2F
0-2: Foul Ball, location: 2F
0-2: Strikes out swinging, 2-3 out at first.
Pitching: RHP Justin Frederick
Batting: RHB Kazunari Mizuno 0-0: Called Strike
0-1: Called Strike
0-2: Ball
1-2: Foul Ball, location: 2F
1-2: Strikes out swinging
Batting: LHB 聲ibal Lima 0-0: Ball
1-0: Ground out U3 (Groundball, 3, EV 108.8 MPH)
Bottom of the 7th over - 0 runs, 0 hits, 0 errors, 0 left on base; San Mateo 2 - Kingston Township 0
TOP OF THE 8TH
San Mateo Dirty Reds batting - Pitching for Kingston Township Knights : LHP Chase Sims
Batting: RHB Yaakov Shmerkin 0-0: Ball
1-0: Called Strike
1-1: Ball
2-1: Ground out 1-3 (Groundball, 13, EV 88.8 MPH)
Pitching: LHP David Blake
Batting: RHB Kawenaula Alohalani 0-0: Ball
1-0: Ball
2-0: Called Strike
2-1: Ground out 4-3 (Groundball, 4, EV 79.4 MPH)
Batting: RHB Dong-young Won 0-0: Ball
1-0: Called Strike
1-1: Foul Ball, location: 2F
1-2: Ball
2-2: Ball
3-2: Strikes out swinging
Top of the 8th over - 0 runs, 0 hits, 0 errors, 0 left on base; San Mateo 2 - Kingston Township 0
BOTTOM OF THE 8TH
Kingston Township Knights batting - Pitching for San Mateo Dirty Reds : RHP Justin Frederick
Batting: SHB Marcos Rom嫕 0-0: Ball
1-0: Foul Ball, location: 2F
1-1: Ball
2-1: Called Strike
2-2: Strikes out swinging
Batting: SHB Eustacio Tafalla 0-0: Ball
1-0: Called Strike
1-1: Ball
2-1: Ground out U3 (Groundball, 34, EV 103.1 MPH)
Batting: LHB Ed Mellor 0-0: Ball
1-0: Ball
2-0: Called Strike
2-1: Foul Ball, location: 2F
2-2: Ball
3-2: Foul Ball, location: 2F
3-2: Foul Ball, location: 2F
3-2: Base on Balls
Batting: RHB Amor Campos 0-0: Ball
1-0: Foul Ball, location: 2F
1-1: Called Strike
1-2: Hit by Pitch
Ed Mellor to second
Batting: LHB Juan Romero 0-0: Foul Ball, location: 2F
0-1: Foul Ball, location: 2F
0-2: Ball
1-2: Strikes out swinging
Bottom of the 8th over - 0 runs, 0 hits, 0 errors, 2 left on base; San Mateo 2 - Kingston Township 0
TOP OF THE 9TH
San Mateo Dirty Reds batting - Pitching for Kingston Township Knights : LHP David Blake
Batting: RHB Jason Slaybaugh 0-0: Ball
1-0: Called Strike
1-1: Foul Ball, location: 2F
1-2: DOUBLE (Line Drive, 89D, EV 106.9 MPH)
Batting: RHB Anson Darrah 0-0: Called Strike
0-1: Ball
1-1: Ball
2-1: Swinging Strike
2-2: Strikes out swinging
Batting: LHB Esteban Sifuentes 0-0: Foul Ball, location: 2F
0-1: Ball
1-1: Called Strike
1-2: Foul Ball, location: 2F
1-2: Foul Ball, location: 2F
1-2: Strikes out swinging
Batting: RHB Fortunato Rasquinha 0-0: Ball
1-0: Ball
2-0: Ball
3-0: Called Strike
3-1: Fly out, F8 (Line Drive, 8LM, EV 95.6 MPH)
Top of the 9th over - 0 runs, 1 hit, 0 errors, 1 left on base; San Mateo 2 - Kingston Township 0
BOTTOM OF THE 9TH
Kingston Township Knights batting - Pitching for San Mateo Dirty Reds : RHP Justin Frederick
Batting: RHB Seong-ho Chong 0-0: Ball
1-0: Swinging Strike
1-1: Foul Ball, location: 2F
1-2: Ball
2-2: Ball
3-2: Foul Ball, location: 2F
3-2: Strikes out looking
Batting: RHB Glenn Curtis 0-0: Ball
1-0: SINGLE (Line Drive, 4M, EV 95.0 MPH)
Pitching: LHP Urs Ehles
Pinch Hitting: RHB Tom Rowland 0-0: Ball
1-0: Called Strike
1-1: Called Strike
1-2: Foul Ball, location: 2F
1-2: Ball
2-2: Fly out, F9 (Flyball, 9S, EV 91.2 MPH)
Batting: LHB 聲ibal Lima 0-0: Swinging Strike
0-1: Foul Ball, location: 2F
0-2: Ball
1-2: Ball
2-2: Strikes out swinging, 2-3 out at first.
Bottom of the 9th over - 0 runs, 1 hit, 0 errors, 1 left on base; San Mateo 2 - Kingston Township 0
Thursday, June 17th, 2021 - OOTP Baseball 20.8 Build 74